cohdb
Replays
Latest Replays
All Replays
Popular Replays
Top Player Replays
Match Explorer
How It Works
Community
CoH3 Stats
Reddit
Sign in to upload your games and track your stats! →
Sign in with Steam
Match 40327252
Unlisted
Match 40327252
Overview
Messages
Build Orders
End
Construct Barracks
1⁄4-ton 4x4 Truck
Engineer Squad
Selects Armored Battlegroup
Selects Veteran Crews
Riflemen Squad
Riflemen Squad
M1 Mortar Team
Air Support Center
Construct Medical Station
Grasshopper Recon Run
Construct Motor Pool
M1 Anti-tank Gun Team
Grasshopper Recon Run
Selects Fast Deploy
Selects M8 Scott SPG
M8 Scott SPG
Grasshopper Recon Run
Advanced Air Reconnaissance
Construct Tank Depot
P-47 Strafing Run
P-47 Dive Bomb
Selects UNKNOWN (2160077)
Grasshopper High-Altitude Recon Run
P-47 Strafing Run
M4A3E8 Sherman Easy Eight
P-47 Dive Bomb
P-47 Strafing Run
Engineer Squad
Grasshopper High-Altitude Recon Run
Grasshopper High-Altitude Recon Run
P-47 Dive Bomb
P-47 Strafing Run
M4A3E8 Sherman Easy Eight
Selects Field Repairs
P-47 Strafing Run
Grasshopper High-Altitude Recon Run
P-47 Dive Bomb
P-47 Strafing Run
Grasshopper High-Altitude Recon Run
P-47 Dive Bomb
SMOKO
WARNING ORDER: ZULU!!!
HulkSMASH
Havoc
0
0
Comments
sign in to comment!
No comments posted yet!